 Dungeon Crawl Stone Soup version 0.31.0-1-g2c135a008e (webtiles) character file.

Game seed: 13130357916144114105

256 qw the Shooter (level 6, 0/46 HPs)
             Began as a Djinni Hunter on Jan 23, 2024.
             Slain by a goblin
             ... wielding a +0 club
             ... led by Robin
              (6 damage)
             ... on level 4 of the Dungeon.
             The game lasted 00:00:10 (1996 turns).

qw the Shooter (Djinni Hunter)                      Turns: 1996, Time: 00:00:11

Health: 0/46       AC:  6    Str: 10    XL:     6   Next: 38%
Gold:   163        EV: 11    Int: 10    God:
                   SH:  0    Dex: 19

rFire   + + +        a - +1 shortbow
rCold   x . .        (shield currently unavailable)
rNeg    . . .        f - +0 ring mail
rPois   inf          i - +0 helmet
rElec   .            (no cloak)
rCorr   .            (no gloves)
SInv    .            (boots unavailable)
Will    .....        (no amulet)
Stlth   +            d - ring of protection from fire
HPRegen 0.27/turn    (no ring)
MPRegen 0.00/turn

%: infuse magic (-1 HP)
@: about to teleport, flying
A: sickness immunity, fire resistance 2, cold vulnerability 1, float, innate
caster, HP casting, extra vitality 1
a: no special abilities


You were on level 4 of the Dungeon.
You visited 1 branch of the dungeon, and saw 4 of its levels.

You collected 163 gold pieces.


Innate Abilities, Weirdness & Mutations

You are immune to sickness and miasma.
You are immune to poison.
Your flesh is very heat resistant. (rF++)
You are vulnerable to cold. (rC-)
You float through the air rather than walking.
You learn spells naturally, not from books.
Your magical power is your life essence.
You have superior vitality. (+4 MHP)


   Skills:
 + Level 3.2 Fighting
 - Level 5.1 Ranged Weapons
 - Level 1.2 Armour
 - Level 3.1 Dodging
 - Level 0.7 Stealth


You knew the following spells:

 Your Spells              Type           Power      Damage    Failure   Level
a - Shock                 Conj/Air       0%         1d3       67%         1
b - Static Discharge      Conj/Air       0%         3-3/arc   82%         2
Your spell library was empty.

Inventory:

Hand Weapons
 a - a +1 shortbow (weapon)
Armour
 f - a +0 ring mail (worn)
 i - a +0 helmet (worn)
Jewellery
 d - a ring of protection from fire (left hand)
Wands
 e - a wand of light (12)
Scrolls
 h - a scroll of noise {unknown}
 k - a scroll of identify {unknown}
 l - a scroll of vulnerability {unknown}
Potions
 c - a potion of curing {unknown}
 g - a potion of lignification {unknown}
 j - a potion of mutation {unknown}

Dungeon Overview and Level Annotations

Branches:
Dungeon (4/15)
 Temple: D:4-7

Altars:
Wu Jian
Yredelemnul

Annotations:
D:3 2 transporters, Menkaure
D:4 Robin


Message History

The arrow hits the goblin.
The goblin is severely wounded.
Robin says, "Kneel, worm!"
Robin roars a battlecry!
The goblins go into a battle-frenzy!
The goblin hits you with a +0 club. The goblin completely misses you.
You shoot an arrow. The arrow misses the goblin.
The ball python misses you. The ball python grabs you.
The ball python constricts you. The ball python bites you.
The goblin barely misses you. The goblin hits you with a +0 club.
You shoot an arrow.
The arrow barely misses the ball python.
The ball python bites you but does no damage.
The ball python constricts you.
The ball python bites you but does no damage.
The goblin hits you but does no damage. The goblin hits you with a +0 club. x2
The ball python bites you but does no damage.
The ball python constricts you.
The ball python bites you but does no damage.
You shoot an arrow. The arrow hits the ball python.
The ball python is heavily wounded.
The goblin barely misses you. x2; The ball python barely misses you.
The ball python constricts you. The goblin hits you but does no damage.
The ball python closely misses you. The goblin hits you with a +0 club. x2
The ball python barely misses you. The ball python constricts you.
The goblin hits you with a +0 dagger. The goblin hits you with a +0 club. x2
You shoot an arrow. The arrow hits the ball python.
You kill the ball python!
The ball python closely misses you. The ball python barely misses you.
The ball python closely misses you. The ball python barely misses you.
The goblin hits you but does no damage. The goblin barely misses you. x2
The goblin hits you with a +0 dagger. The goblin hits you but does no damage.
The goblin hits you with a +0 club.
1996 ||| READING scroll of teleportation.
As you read the scroll of teleportation, it crumbles to dust.
You feel strangely unstable. The ball python barely misses you.
The ball python closely misses you. The goblin hits you with a +0 club.
The goblin barely misses you. The goblin hits you with a +0 club.
You die...

..#.# . ...#.......#.#.
....#.................#.
....#....(...........##.
.....................##.
........................
................ .......
................ #.....#
.....gggg.....####......
.....gg@g..##...........
#.....Sgg..# #..........
##.........###.........#
#####..##.............#
##.#..............)
##................
###.....[.)...##.#.
#.......#...#######
###..####..## #


You could see Robin, 8 goblins and a ball python.

Vanquished Creatures
  An ogre (D:4)
  An orc wizard (D:3)
  7 adders
  A dart slug (D:2)
  A ribbon worm (D:2)
  6 orcs (D:3)
  8 ball pythons
  An endoplasm (D:2)
  2 giant cockroaches
  5 goblins
  6 hobgoblins
  5 jackals
  3 quokkas
  8 bats
  3 frilled lizards
  9 kobolds
  5 rats
72 creatures vanquished.

Notes
Turn   | Place    | Note
-------+----------+-------------------------------------------
     0 | D:1      | qw the Djinni Hunter began the quest for the Orb.
     0 | D:1      | Reached XP level 1. HP: 18/18 MP: 0/0
     0 | D:1      | 0 ||| qw: Version: 0.3-a-135-gb77e89d
     0 | D:1      | 0 ||| qw: Game counter: 864
     0 | D:1      | 0 ||| qw: Melee chars always use a shield: true
     0 | D:1      | 0 ||| qw: God list: Okawaru
     0 | D:1      | 0 ||| qw: Allow faded altars: false
     0 | D:1      | 0 ||| qw: Do Orc after clearing Dungeon:15 true
     0 | D:1      | 0 ||| qw: Do second Lair branch before Depths: true
     0 | D:1      | 0 ||| qw: Lair rune preference: random
     0 | D:1      | 0 ||| qw: Goals: Normal
     0 | D:1      | 0 ||| PLANNING D:1-11
    91 | D:1      | Reached XP level 2. HP: 23/23 MP: 0/0
   387 | D:1      | 387 ||| UPGRADING to ring of protection from fire.
   388 | D:1      | 388 ||| DROPPING scroll of butterflies.
   473 | D:2      | HP: 5/23 [ribbon worm (5)]
   477 | D:2      | Reached skill level 4 in Ranged Weapons
   477 | D:2      | Reached XP level 3. HP: 7/28 MP: 0/0
   477 | D:2      | Learned a level 1 spell: Shock
   646 | D:2      | Found an ornate altar of the Wu Jian Council.
   868 | D:2      | 868 ||| READING 2 scrolls labelled PUNTEL HAQ NOW.
   938 | D:3      | 938 ||| RETREEEEATING.
   940 | D:3      | 940 ||| RETREEEEATING.
   948 | D:3      | Reached skill level 3 in Fighting
   948 | D:3      | Reached XP level 4. HP: 20/35 MP: 0/0
   957 | D:3      | Reached skill level 3 in Dodging
  1124 | D:3      | Reached XP level 5. HP: 24/40 MP: 0/0
  1124 | D:3      | Learned a level 2 spell: Static Discharge
  1212 | D:3      | Found a basalt altar of Yredelemnul.
  1238 | D:3      | Noticed Menkaure
  1255 | D:3      | Found a transporter.
  1259 | D:3      | 1259 ||| UPGRADING to +0 ring mail.
  1271 | D:3      | 1271 ||| FLEEEEING.
  1272 | D:3      | 1272 ||| FLEEEEING.
  1273 | D:3      | 1273 ||| FLEEEEING.
  1274 | D:3      | 1274 ||| FLEEEEING.
  1275 | D:3      | 1275 ||| FLEEEEING.
  1276 | D:3      | 1276 ||| FLEEEEING.
  1277 | D:3      | 1277 ||| FLEEEEING.
  1278 | D:3      | 1278 ||| FLEEEEING.
  1279 | D:3      | 1279 ||| FLEEEEING.
  1280 | D:3      | 1280 ||| FLEEEEING.
  1281 | D:3      | 1281 ||| FLEEEEING.
  1284 | D:3      | 1284 ||| FLEEEEING.
  1285 | D:3      | 1285 ||| FLEEEEING.
  1286 | D:3      | 1286 ||| FLEEEEING.
  1298 | D:3      | 1298 ||| DROPPING +0 leather armour.
  1482 | D:3      | 1482 ||| UPGRADING to +0 helmet.
  1535 | D:3      | Found a transporter.
  1705 | D:3      | 1705 ||| READING scroll labelled ENAAHO TUDET.
  1705 | D:3      | 1705 ||| ENCHANTING +0 shortbow.
  1706 | D:3      | 1706 ||| READING scroll labelled XOKHETR FAPN.
  1745 | D:4      | Reached skill level 1 in Armour
  1831 | D:4      | Noticed an ogre
  1833 | D:4      | 1833 ||| ZAPPING wand of light (14) at -5,-2 (ogre; floor).
  1834 | D:4      | 1834 ||| ZAPPING wand of light (13) at -4,-2 (ogre; floor).
  1834 | D:4      | Killed an ogre
  1835 | D:4      | Reached skill level 5 in Ranged Weapons
  1835 | D:4      | Reached XP level 6. HP: 46/46 MP: 0/0
  1988 | D:4      | Noticed Robin
  1995 | D:4      | HP: 10/46 [goblin/+0 club[Robin] (5)]
  1996 | D:4      | 1996 ||| READING scroll of teleportation.
  1996 | D:4      | Slain by a goblin

Levels and vault maps discovered:
D:1:      dpeg_arrival_tiny_e, layout_basic
D:2:      layout_rooms, basic_altar
D:3:      layout_loops_cross, gammafunk_temple_of_torment, serial_bayou_crossing
D:4:      layout_cave_pools, dreamdust_princess_bridge, uniq_robin

Skill      XL: |  1  2  3  4  5 |
---------------+----------------+-----
Ranged Weapons | 4 5 |  5.1
Fighting       | 3 |  3.2
Dodging        | 3 |  3.1
Armour         | 1 |  1.2
Stealth        | |  0.7

Action                     |  1- 3 |  4- 6 || total
---------------------------+-------+-------++-------
   Fire: Shortbow          |   104 |   119 ||   223
  Evoke: Wand              |       |     2 ||     2
    Use: Scroll            |     1 |     3 ||     4
 Armour: Leather armour    |    26 |    18 ||    44
         Ring mail         |       |    45 ||    45
         Skin              |       |     2 ||     2
  Dodge: Dodged            |    20 |    59 ||    79

Table legend:
 A = Non-vault XP
 B = Vault XP
 C = Vault XP percentage of total XP
 D = Non-vault monster count
 E = Vault monster count
 F = Vault count percentage of total count
                 A         B        C        D         E       F
            +---------+---------+-------+---------+---------+-------
      Total |     362 |       4 |   1.1 |      70 |       2 |   2.8
            +---------+---------+-------+---------+---------+-------
        D:1 |      18 |       0 |   0.0 |      12 |       0 |   0.0
        D:2 |      39 |       0 |   0.0 |      21 |       0 |   0.0
        D:3 |     125 |       0 |   0.0 |      24 |       0 |   0.0
        D:4 |     180 |       4 |   2.2 |      13 |       2 |  13.3
            +---------+---------+-------+---------+---------+-------
